 Dungeon Crawl Stone Soup version 0.20-a0-738-gb057e68 (webtiles) character file.

49 polly the Slasher (level 3, -5/27 HPs)
             Began as a Demonspawn Gladiator on Feb 24, 2017.
             Slain by a worm (6 damage)
             ... on level 2 of the Dungeon.
             The game lasted 00:01:06 (1077 turns).

polly the Slasher (Demonspawn Gladiator)            Turns: 1077, Time: 00:01:06

Health: -5/27      AC:  6    Str: 15    XL:     3   Next: 51%
Magic:  3/3        EV: 12    Int:  9    God:
Gold:   108        SH:  0    Dex: 14    Spells: 2/2 levels left

rFire    . . .     SeeInvis .   a - +0 long sword
rCold    . . .     Gourm    .   k - +0 ring mail
rNeg     . . .     Faith    .   (no shield)
rPois    .         Spirit   .   c - +0 helmet
rElec    .         Reflect  .   (no cloak)
rCorr    .         Harm     .   (no gloves)
MR       .....                  (no boots)
Stlth    +.........             (no amulet)
Regen    0.1/turn               (no ring)
MPRegen  0.1/turn               (no ring)

@: no status effects
A: sturdy frame 1
a: no special abilities


You were on level 2 of the Dungeon.
You were hungry.

You visited 1 branch of the dungeon, and saw 2 of its levels.

You collected 108 gold pieces.

Inventory:

Hand Weapons
 a - a +0 long sword (weapon)
Missiles
 d - 3 throwing nets (quivered)
Armour
 c - a +0 helmet (worn)
 k - a +0 ring mail (worn)
Scrolls
 b - a scroll of random uselessness {unknown}
 e - 2 scrolls of teleportation {unknown}
 g - a scroll of amnesia {unknown}
 h - 3 scrolls of magic mapping {unknown}
 l - 3 scrolls of identify {unknown}
 m - a scroll of fog {unknown}
Potions
 j - a potion of berserk rage {unknown}
 n - a potion of haste {unknown}
Comestibles
 f - a bread ration
 i - a meat ration


   Skills:
 + Level 2.2 Fighting
 + Level 3.4 Long Blades
 + Level 1.9 Throwing
 + Level 1.0 Armour
 + Level 3.0 Dodging


You had 2 spell levels left.
You didn't know any spells.

Dungeon Overview and Level Annotations

Branches:
Dungeon (2/15)

Altars:
Qazlal


Innate Abilities, Weirdness & Mutations

Your movements are slightly less encumbered by armour. (ER -2)


Message History

You start resting.
A worm comes into view.
A worm is nearby!
You hit the worm.
The worm is moderately wounded.
The worm bites you!
* * * LOW HITPOINT WARNING * * *
You hit the worm.
The worm is heavily wounded.
You hit the worm.
The worm is severely wounded.
The worm misses you.
You hit the worm.
The worm is severely wounded.
The worm bites you.
* * * LOW HITPOINT WARNING * * *
You barely miss the worm.
The worm is severely wounded.
The worm bites you.
You die...

..####.##.#....# #########
...#...##....(.# ####........
.....##......### #....#####.#
(.(.(#..##.#..# ####.#### ###.#
....)..#...##.#####....# ###...#
......#....#........#### ##...###
.....#..........##.....# #..###
.................#...).###.##
...#.......†....@w......#..# #
.......).........#......#.## ###
####.##.........##....()#.# ##..
###...÷........###.....(#.# ##..#
.....######.##.########(<.###..##
.#.#.# #.##..###...........###
.....# #.###.....######....##.
##.(#######.# ####..## ###.....
#......##..####.....# #..#..


You could see a worm.

Vanquished Creatures
  An adder (D:2)
  An ooze (D:2)
  A leopard gecko (D:1)
  5 bats
  6 hobgoblins
  7 kobolds
  2 quokkas (D:2)
  A ball python (D:2)
  4 frilled lizards
  5 goblins
  2 rats
35 creatures vanquished.

Notes
Turn   | Place    | Note
-------+----------+-------------------------------------------
     0 | D:1      | polly the Demonspawn Gladiator began the quest for the Orb.
     0 | D:1      | Reached XP level 1. HP: 16/16 MP: 1/1
   270 | D:1      | Gained mutation: Your movements are slightly less encumbered by armour. (ER -2) [demonic ancestry]
   270 | D:1      | Reached XP level 2. HP: 20/22 MP: 2/2
   585 | D:2      | Found a stormy altar of Qazlal.
   672 | D:2      | Reached XP level 3. HP: 27/27 MP: 3/3
  1018 | D:2      | Reached skill level 1 in Armour
  1076 | D:2      | HP: 1/27 [worm (4)]
  1077 | D:2      | Slain by a worm

Vault maps used:
D:1:      dpeg_arrival_line_fractal
D:2:      grunt_qazlal_clouds

Skill      XL: |  1  2  3 |
---------------+----------+-----
Long Blades    | 3 |  3.4
Dodging        | 3 |  3.0
Armour         | 1 |  1.0
Fighting       | |  2.2
Throwing       | |  1.9

Action                   || total
-------------------------++-------
Melee: Long sword        ||   108
Armor: Leather armour    ||    11
       Ring mail         ||    23
Dodge: Dodged            ||    91
       Rpst.: Long sword ||    34
